 Dungeon Sprint DCSS version 0.19-a0-1922-g1e9a4c1 (webtiles) character file.

5147 poirepourri the Imperceptible (level 10, -15/46 HPs)
             Began as a Spriggan Enchanter on Oct 24, 2016.
             Was a Priest of Dithmenos.
             Demolished by Frances
             ... wielding a +0 war axe of holy wrath
              (29 damage)
             ... in the Dungeon (Sprint III: "The Ten Rune Challenge").
             The game lasted 00:05:25 (1517 turns).

poirepourri the Imperceptible (Spriggan Enchanter)  Turns: 1517, Time: 00:05:26

Health: -15/46     AC:  4    Str:  4    XL:     10   Next: 33%
Magic:  14/27      EV: 26    Int: 17    God:    Dithmenos [***...]
Gold:   34         SH:  0    Dex: 20    Spells: 5 memorised, 21 levels left

rFire  . . .     SeeInvis +     a - +1 dagger
rCold  . . .     Gourm    .     b - +1 robe
rNeg   . . .     Faith    .     (shield restricted)
rPois  .         Spirit   .     (helmet restricted)
rElec  .         Reflect  .     i - +0 cloak
rCorr  .         Harm     .     (gloves unavailable)
MR     +....     NoTele   +     (boots unavailable)
Stlth  ++++++++++               (no amulet)
                                (no ring)
                                (no ring)

@: wreathed by umbra, very quick
A: unfitting armour, see invisible, herbivore 3, speed 3, slow metabolism 2
a: Shadow Step, Renounce Religion


You were in the Dungeon.
You worshipped Dithmenos.
Dithmenos was most pleased with you.
You were not hungry.

You visited 1 branch You collected 34 gold pieces.

Inventory:

Hand Weapons
 a - a +1 dagger (weapon)
Armour
 b - a +1 robe (worn)
 i - a +0 cloak (worn)
Wands
 o - a wand of iceblast (3/15)
Scrolls
 n - 4 scrolls of remove curse
Potions
 e - 2 potions of curing
 f - 4 potions of heal wounds
 g - a potion of haste
 h - a potion of magic
 j - 3 potions of mutation
 m - a potion of might
 p - 2 potions of flight {unknown}
 q - a potion of experience
 s - a potion of lignification
Books
 c - a book of Maledictions

   Spells                             Type                      Level
   a - Corona                         Hexes                        1
   b - Ensorcelled Hibernation        Hexes/Ice                    2
   c - Confuse                        Hexes                        3
   d - Tukima's Dance                 Hexes                        3
   e - Dazzling Spray                 Conjuration/Hexes            3
 l - a book of Cantrips

   Spells                             Type                      Level
   a - Confusing Touch                Hexes                        1
   b - Animate Skeleton               Necromancy                   1
   c - Summon Small Mammal            Summoning                    1
   d - Apportation                    Translocation                1
Comestibles
 d - a bread ration
 k - 8 fruits
 r - a royal jelly


   Skills:
 + Level 1.4 Fighting
 + Level 4.8 Short Blades
 + Level 9.3 Dodging
 + Level 21.6 Stealth
 + Level 12.3 Spellcasting
 + Level 2.6 Conjurations
 + Level 14.0 Hexes
 - Level 6.2 Ice Magic


You had 21 spell levels left.
You knew the following spells:

 Your Spells              Type           Power        Failure   Level  Hunger
a - Corona                Hex            ######.      1%          1    None
b - Ensorcelled Hibernat  Hex/Ice        #####.       1%          2    None
c - Confuse               Hex            ######..     1%          3    None
d - Tukima's Dance        Hex            ######..     1%          3    None
e - Dazzling Spray        Conj/Hex       #####.       1%          3    None


Dungeon Overview and Level Annotations

Branches:
Dungeon (1/1)

Altars:
Cheibriados
Dithmenos
Elyvilon
Fedhas
Gozag
Hepliaklqana
Kikubaaqudgha
Makhleb
Nemelex Xobeh
Okawaru
Qazlal
Ru
Sif Muna
Trog
Uskayaw
Vehumet
Xom
Yredelemnul
Zin
The Shining One
Beogh
Jiyva
Lugonu

Annotations:
D Frances


Innate Abilities, Weirdness & Mutations

You are very small and have problems with some larger weapons.
You are too small for most types of armour.
You have supernaturally acute eyesight. (SInv)
You are a herbivore.
You cover ground extremely quickly.
You need consume almost no food.


Message History

Frances resists with almost no effort.
Frances barely misses you. The hellwing closely misses you.
The hellwing hits you. The hellwing completely misses you.
The hellwing closely misses you.
Casting: Ensorcelled Hibernation
Confirm with . or Enter, or press ? or * to list all spells.
Aiming: Ensorcelled Hibernation
Press: ? - help, Shift-Dir - straight line, f/p - Frances
Aim: Frances, wielding a war axe of holy wrath (almost dead, umbra, chance to defeat MR: 9%) Frances resists with almost no effort.
Frances barely misses you. The hellwing hits you! The hellwing hits you.
The hellwing misses you. The hellwing hits you.
Casting: Ensorcelled Hibernation
Confirm with . or Enter, or press ? or * to list all spells.
Aiming: Ensorcelled Hibernation
Press: ? - help, Shift-Dir - straight line, f/p - Frances
Aim: Frances, wielding a war axe of holy wrath (almost dead, umbra, chance to defeat MR: 9%) Frances resists with almost no effort.
Frances hits you with a war axe of holy wrath!!
Ouch! That really hurt!
You die...

'.#§§§#§#.#)..#.#.#.#.#
#.#.).#...#)).##.#.#.##
▓▓▓▓▓▓▓▓▓▓▓▓▓▓#.#.#.#.#
........≈≈≈...##.#.#.##
≈≈≈≈≈≈≈≈≈≈♣♣P.'.#.#.#.#
♣♣♣♣♣♣♣♣♣♣♣♣PP##.#.#.##
♣♣♣##'##### #...+ #.@4#
#)4@# #####


You could see Frances and 2 hellwings.

Vanquished Creatures
  Donald (D)
  A centaur warrior (D)
  Erica (D)
  An unseen horror (D)
  A deep elf mage (D)
  A shadow (D)
  3 wandering mushrooms (D)
  A spatial vortex (D)
  A necrophage (D)
  2 centaurs (D)
  An earth elemental (D)
  A water elemental (D)
  A jelly (D)
  Crazy Yiuf (D)
  A necromancer (D)
  A wizard (D)
  A kobold demonologist (D)
  3 humans (D)
  An ooze (D)
  3 rats (D)
27 creatures vanquished.

Vanquished Creatures (others)
  2 draconian scorchers (D)
  6 hellions (D)
  2 yaktaurs (D)
  4 plants (D)
14 creatures vanquished.

Grand Total: 41 creatures vanquished

Notes
Turn   | Place    | Note
-------+----------+-------------------------------------------
     0 | D        | poirepourri the Spriggan Enchanter began the quest for the Orb.
     0 | D        | Reached XP level 1. HP: 9/9 MP: 5/5
    12 | D        | Reached skill level 5 in Stealth
    73 | D        | Noticed Crazy Yiuf
    89 | D        | Reached skill level 7 in Stealth
    89 | D        | Reached skill level 5 in Hexes
    89 | D        | Reached XP level 2. HP: 5/13 MP: 5/7
   101 | D        | Killed a hellion
   103 | D        | Killed a yaktaur
   111 | D        | Learned a level 2 spell: Ensorcelled Hibernation
   126 | D        | Killed a hellion
   155 | D        | Noticed a water elemental
   159 | D        | Killed a water elemental
   159 | D        | Reached skill level 9 in Stealth
   159 | D        | Reached XP level 3. HP: 8/16 MP: 7/10
   159 | D        | Reached XP level 4. HP: 10/21 MP: 7/11
   174 | D        | Killed a hellion
   176 | D        | Killed a hellion
   186 | D        | Killed a hellion
   249 | D        | Killed a white draconian scorcher
   263 | D        | Killed a white draconian scorcher
   278 | D        | Killed a hellion
   314 | D        | Killed Crazy Yiuf
   314 | D        | Reached skill level 5 in Dodging
   366 | D        | Learned a level 3 spell: Confuse
   370 | D        | Learned a level 3 spell: Tukima's Dance
   374 | D        | Learned a level 3 spell: Dazzling Spray
   513 | D        | Found a radiant altar of Vehumet.
   513 | D        | Found a deep blue altar of Sif Muna.
   513 | D        | Found an ancient bone altar of Kikubaaqudgha.
   513 | D        | Noticed a wizard
   515 | D        | Killed a wizard
   515 | D        | Reached skill level 10 in Stealth
   515 | D        | Reached skill level 5 in Spellcasting
   521 | D        | Reached skill level 1 in Ice Magic
   521 | D        | Reached XP level 5. HP: 24/24 MP: 1/13
   617 | D        | Found a glowing silver altar of Zin.
   617 | D        | Found a glowing golden altar of the Shining One.
   617 | D        | Found a white marble altar of Elyvilon.
   618 | D        | Noticed a deep elf mage
   620 | D        | Killed a deep elf mage
   620 | D        | Reached skill level 14 in Stealth
   620 | D        | Reached skill level 10 in Hexes
   620 | D        | Reached XP level 6. HP: 28/28 MP: 13/17
   620 | D        | Reached XP level 7. HP: 32/32 MP: 14/19
   656 | D        | Found a hide-covered altar of Uskayaw.
   656 | D        | Found a roughly hewn altar of Beogh.
   656 | D        | Found an iron altar of Okawaru.
   656 | D        | Found a bloodstained altar of Trog.
   656 | D        | Noticed a human
   657 | D        | Noticed a human
   669 | D        | Killed a human
   669 | D        | Reached skill level 15 in Stealth
   671 | D        | Killed a human
   879 | D        | Found a basalt altar of Yredelemnul.
   879 | D        | Found a shadowy altar of Dithmenos.
   879 | D        | Found a sacrificial altar of Ru.
   891 | D        | Reached skill level 16 in Stealth
   896 | D        | Became a worshipper of Dithmenos the Shadowed
  1090 | D        | Noticed a shadow
  1092 | D        | Killed a shadow
  1092 | D        | Reached XP level 8. HP: 36/36 MP: 21/21
  1120 | D        | Found a blossoming altar of Fedhas.
  1120 | D        | Found a stormy altar of Qazlal.
  1120 | D        | Found a snail-covered altar of Cheibriados.
  1120 | D        | Found a burning altar of Makhleb.
  1120 | D        | Found a shimmering altar of Xom.
  1121 | D        | Found a hazy altar of Hepliaklqana.
  1121 | D        | Found an opulent altar of Gozag.
  1121 | D        | Found a sparkling altar of Nemelex Xobeh.
  1121 | D        | Found a corrupted altar of Lugonu.
  1121 | D        | Found a viscous altar of Jiyva.
  1123 | D        | Reached * piety under Dithmenos
  1136 | D        | Noticed Erica
  1138 | D        | Killed Erica
  1138 | D        | Reached skill level 18 in Stealth
  1138 | D        | Reached skill level 1 in Conjurations
  1138 | D        | Reached skill level 5 in Ice Magic
  1146 | D        | Reached skill level 10 in Spellcasting
  1153 | D        | Noticed a centaur warrior
  1155 | D        | Reached ** piety under Dithmenos
  1155 | D        | Reached XP level 9. HP: 40/40 MP: 24/24
  1162 | D        | Killed a centaur warrior
  1162 | D        | Reached skill level 1 in Fighting
  1162 | D        | Reached skill level 19 in Stealth
  1219 | D        | Killed a yaktaur
  1366 | D        | Noticed an unseen horror
  1368 | D        | Killed an unseen horror
  1368 | D        | Reached skill level 20 in Stealth
  1381 | D        | Noticed a wandering mushroom
  1385 | D        | Noticed a wandering mushroom
  1387 | D        | Noticed a wandering mushroom
  1404 | D        | Reached *** piety under Dithmenos
  1408 | D        | Killed a wandering mushroom
  1409 | D        | Killed a wandering mushroom
  1506 | D        | Noticed Donald
  1506 | D        | Noticed Frances
  1510 | D        | Killed Donald
  1510 | D        | Reached skill level 21 in Stealth
  1510 | D        | Reached XP level 10. HP: 46/46 MP: 25/27
  1517 | D        | Demolished by Frances

Vault maps used:
D:        dungeon_sprint_mu

Skill      XL: |  1  2  3  4  5  6  7  8  9 |
---------------+----------------------------+-----
Stealth        | 7 9 10 14 16 18 21 | 21.6
Spellcasting   | 3 4 5 7 8 10 12 | 12.3
Hexes          | 5 6 7 10 11 12 14 | 14.0
Dodging        | 4 5 7 8 9 |  9.3
Ice Magic      | 1 3 4 5 6 |  6.2
Short Blades   | 2 4 |  4.8
Conjurations   | 1 2 |  2.6
Fighting       | 1 |  1.4

Action                   |  1- 3 |  4- 6 |  7- 9 | 10-12 || total
-------------------------+-------+-------+-------+-------++-------
Melee: Dagger            |    17 |     4 |    21 |     1 ||    43
 Cast: Ensorcelled Hiber |     1 |     7 |     7 |     6 ||    21
       Dazzling Spray    |       |       |    14 |       ||    14
       Confuse           |       |       |     3 |       ||     3
  Use: Potion            |     1 |       |     1 |       ||     2
       Scroll            |     1 |     5 |       |       ||     6
 Stab: Sleeping          |     4 |     4 |    11 |     1 ||    20
       Invisible         |       |       |     2 |       ||     2
  Eat: Royal jelly       |       |       |     1 |       ||     1
Armor: Robe              |     2 |     2 |     2 |       ||     6
Dodge: Dodged            |    12 |     4 |    22 |     7 ||    45
